| TOP OF THE 1ST |
|
Los Angeles Dodgers batting - Pitching for Oakland Athletics : RHP Todd Stottlemyre
|
|
Pitching: RHP Todd Stottlemyre
|
|
|
Batting: RHB Brian L Hunter
|
0-0: Fly out, F9 (Flyball, 89S, EV 77.5 MPH)
|
|
Batting: LHB Ryan Klesko
|
0-0: Foul Ball, location: 2F 0-1: Fly out, F7 (Flyball, 7LS, EV 78.1 MPH)
|
|
Batting: LHB Rafael Palmeiro
|
0-0: Ball 1-0: Foul Ball, location: 2F 1-1: Fly out, F4 (Popup, 4S, EV 62.5 MPH)
|
| Top of the 1st over - 0 runs, 0 hits, 0 errors, 0 left on base; Los Angeles 0 - Oakland 0 |
| BOTTOM OF THE 1ST |
|
Oakland Athletics batting - Pitching for Los Angeles Dodgers : RHP Ugueth Urbina
|
|
Pitching: RHP Ugueth Urbina
|
|
|
Batting: RHB Rickey Henderson
|
0-0: Ball 1-0: Ball 2-0: Foul Ball, location: 2F 2-1: Ground out 6-3 (Groundball, 6M, EV 85.6 MPH)
|
|
Batting: SHB Geronimo Pena
|
0-0: Foul Ball, location: 2F 0-1: Called Strike 0-2: Ball 1-2: Foul Ball, location: 2F 1-2: Ball 2-2: Foul Ball, location: 2F 2-2: Fly out, F8 (Flyball, 8LD, EV 95.6 MPH)
|
|
Batting: LHB John Olerud
|
0-0: Foul Ball, location: 2F 0-1: Ball 1-1: Swinging Strike 1-2: Ball 2-2: Ball 3-2: Foul Ball, location: 2F 3-2: Strikes out swinging
|
| Bottom of the 1st over - 0 runs, 0 hits, 0 errors, 0 left on base; Los Angeles 0 - Oakland 0 |
| TOP OF THE 2ND |
|
Los Angeles Dodgers batting - Pitching for Oakland Athletics : RHP Todd Stottlemyre
|
|
Batting: LHB Derrick May
|
0-0: Foul Ball, location: 2F 0-1: Foul Ball, location: 2F 0-2: Ball 1-2: Ball 2-2: Ball 3-2: Strikes out swinging
|
|
Batting: RHB Torii Hunter
|
0-0: Ball 1-0: Foul Ball, location: 2F 1-1: Foul Ball, location: 2F 1-2: Ball 2-2: Foul Ball, location: 2F 2-2: Foul Ball, location: 2F 2-2: Fly out, F8 (Flyball, 8LS, EV 80.6 MPH)
|
|
Batting: SHB Kevin Stocker
|
0-0: Ball 1-0: Ball 2-0: Ball 3-0: Called Strike 3-1: Base on Balls
|
|
Batting: LHB Scott Hatteberg
|
0-0: Called Strike 0-1: Foul Ball, location: 2F 0-2: Fielders Choice at 2nd, 6-4 (Groundball, 6, EV 103.8 MPH)
|
| Top of the 2nd over - 0 runs, 0 hits, 0 errors, 1 left on base; Los Angeles 0 - Oakland 0 |
| BOTTOM OF THE 2ND |
|
Oakland Athletics batting - Pitching for Los Angeles Dodgers : RHP Ugueth Urbina
|
|
Batting: RHB Herbert Perry
|
0-0: Called Strike 0-1: Ground out 1-3 (Groundball, 15, EV 83.8 MPH)
|
|
Batting: RHB Jay Buhner
|
0-0: Ball 1-0: Fly out, F8 (Flyball, 89M, EV 91.9 MPH)
|
|
Batting: RHB Benito Santiago
|
0-0: Ball 1-0: Fly out, F9 (Flyball, 89M, EV 85.0 MPH)
|
| Bottom of the 2nd over - 0 runs, 0 hits, 0 errors, 0 left on base; Los Angeles 0 - Oakland 0 |
| TOP OF THE 3RD |
|
Los Angeles Dodgers batting - Pitching for Oakland Athletics : RHP Todd Stottlemyre
|
|
Batting: RHB Joe Randa
|
0-0: Ball 1-0: Ball 2-0: Ball 3-0: Called Strike 3-1: Ground out 5-3 (Groundball, 56S, EV 66.9 MPH)
|
|
Batting: RHB Homer Bush
|
0-0: Ball 1-0: Foul Ball, location: 2F 1-1: Ball 2-1: Called Strike 2-2: Strikes out swinging
|
|
Batting: RHB Brian L Hunter
|
0-0: Called Strike 0-1: Ball 1-1: SINGLE (Groundball, 34D, EV 97.5 MPH)
|
|
Batting: LHB Ryan Klesko
|
0-0: Ball 1-0: Called Strike 1-1: Called Strike 1-2: Ball 2-2: Foul Ball, location: 2F 2-2: Ball 3-2: Foul Ball, location: 2F 3-2: Fly out, F7 (Flyball, 7, EV 73.8 MPH)
|
| Top of the 3rd over - 0 runs, 1 hit, 0 errors, 1 left on base; Los Angeles 0 - Oakland 0 |
| BOTTOM OF THE 3RD |
|
Oakland Athletics batting - Pitching for Los Angeles Dodgers : RHP Ugueth Urbina
|
|
Batting: SHB Devon White
|
0-0: Called Strike 0-1: Ball 1-1: Ball 2-1: Called Strike 2-2: Strikes out looking
|
|
Batting: SHB Chuck Carr
|
0-0: Ball 1-0: Called Strike 1-1: Foul Ball, location: 2F 1-2: Ball 2-2: Ball 3-2: Base on Balls
|
|
Batting: RHB Benji Gil
|
0-0: Swinging Strike 0-1: Ball 1-1: Ball 2-1: Ball 3-1: Foul Ball, location: 2F 3-2: Ground out 6-3 (Groundball, 6, EV 85.6 MPH) Chuck Carr to second
|
|
Batting: RHB Rickey Henderson
|
0-0: Ground out 6-3 (Groundball, 6S, EV 75.0 MPH)
|
| Bottom of the 3rd over - 0 runs, 0 hits, 0 errors, 1 left on base; Los Angeles 0 - Oakland 0 |
| TOP OF THE 4TH |
|
Los Angeles Dodgers batting - Pitching for Oakland Athletics : RHP Todd Stottlemyre
|
|
Batting: LHB Rafael Palmeiro
|
0-0: Ball 1-0: Called Strike 1-1: Ground out 1-3 (Groundball, 34S, EV 94.4 MPH)
|
|
Batting: LHB Derrick May
|
0-0: Called Strike 0-1: Ground out 4-3 (Groundball, 4, EV 105.0 MPH)
|
|
Batting: RHB Torii Hunter
|
0-0: Foul Ball, location: 2F 0-1: Ball 1-1: Foul Ball, location: 2F 1-2: Foul Ball, location: 2F 1-2: Ball 2-2: SOLO HOME RUN (Flyball, 7LD, EV 101.3 MPH), Distance : 351 ft
|
|
Batting: SHB Kevin Stocker
|
0-0: Ball 1-0: Ball 2-0: Called Strike 2-1: Called Strike 2-2: Foul Ball, location: 2F 2-2: Hit by Pitch
|
|
Batting: LHB Scott Hatteberg
|
0-0: Called Strike Kevin Stocker is caught stealing 2nd base 2-6
|
| Top of the 4th over - 1 run, 1 hit, 0 errors, 0 left on base; Los Angeles 1 - Oakland 0 |
| BOTTOM OF THE 4TH |
|
Oakland Athletics batting - Pitching for Los Angeles Dodgers : RHP Ugueth Urbina
|
|
Batting: SHB Geronimo Pena
|
0-0: Ground out 4-3 (Groundball, 4, EV 80.6 MPH)
|
|
Batting: LHB John Olerud
|
0-0: Ball 1-0: Called Strike 1-1: Swinging Strike 1-2: Strikes out looking
|
|
Batting: RHB Herbert Perry
|
0-0: Swinging Strike 0-1: Ball 1-1: Ball 2-1: Ball 3-1: Called Strike 3-2: Strikes out swinging
|
| Bottom of the 4th over - 0 runs, 0 hits, 0 errors, 0 left on base; Los Angeles 1 - Oakland 0 |
| TOP OF THE 5TH |
|
Los Angeles Dodgers batting - Pitching for Oakland Athletics : RHP Todd Stottlemyre
|
|
Batting: LHB Scott Hatteberg
|
0-0: Foul Ball, location: 2F 0-1: Foul Ball, location: 2F 0-2: Foul Ball, location: 2F 0-2: Ball 1-2: Foul Ball, location: 2F 1-2: SINGLE (Groundball, 34D, EV 99.4 MPH)
|
|
Batting: RHB Joe Randa
|
0-0: Called Strike 0-1: Ball 1-1: Foul Ball, location: 2F 1-2: Ball 2-2: Strikes out swinging
|
|
Batting: RHB Homer Bush
|
0-0: Ground out 6-3 (Groundball, 56D, EV 99.4 MPH) Scott Hatteberg to second
|
|
Batting: RHB Brian L Hunter
|
0-0: Ball 1-0: Called Strike 1-1: Swinging Strike 1-2: Ball 2-2: Ball 3-2: Foul Ball, location: 2F 3-2: Fly out, F6 (Popup, 6M, EV 66.3 MPH)
|
| Top of the 5th over - 0 runs, 1 hit, 0 errors, 1 left on base; Los Angeles 1 - Oakland 0 |
| BOTTOM OF THE 5TH |
|
Oakland Athletics batting - Pitching for Los Angeles Dodgers : RHP Ugueth Urbina
|
|
Batting: RHB Jay Buhner
|
0-0: Ball 1-0: Ball 2-0: Called Strike 2-1: Ball 3-1: Swinging Strike 3-2: Foul Ball, location: 2F 3-2: SOLO HOME RUN (Flyball, 78XD, EV 98.1 MPH), Distance : 401 ft
|
|
Batting: RHB Benito Santiago
|
0-0: Swinging Strike 0-1: Ball 1-1: Ball 2-1: Foul Ball, location: 2F 2-2: Single, Error in OF, E9, batter to second base (Line Drive, 34D, EV 103.8 MPH)
|
|
Batting: SHB Devon White
|
0-0: Called Strike 0-1: Ball 1-1: Foul Ball, location: 2F 1-2: Ball 2-2: Strikes out swinging
|
|
Batting: SHB Chuck Carr
|
0-0: Ball 1-0: Foul Ball, location: 2F 1-1: Called Strike 1-2: Ground out 1-3 (Groundball, 13, EV 85.0 MPH) Benito Santiago to third
|
|
Batting: RHB Benji Gil
|
0-0: Ball 1-0: Called Strike 1-1: Called Strike 1-2: Ball 2-2: Ball 3-2: Strikes out looking
|
| Bottom of the 5th over - 1 run, 2 hits, 1 error, 1 left on base; Los Angeles 1 - Oakland 1 |
| TOP OF THE 6TH |
|
Los Angeles Dodgers batting - Pitching for Oakland Athletics : RHP Todd Stottlemyre
|
|
Batting: LHB Ryan Klesko
|
0-0: Ball 1-0: Ball 2-0: Ball 3-0: Base on Balls
|
|
Batting: LHB Rafael Palmeiro
|
0-0: Called Strike 0-1: Called Strike 0-2: 2-RUN HOME RUN (Flyball, 9LD, EV 100.0 MPH), Distance : 380 ft
|
|
Batting: LHB Derrick May
|
0-0: Called Strike 0-1: Foul Ball, location: 2F 0-2: Strikes out swinging
|
|
Batting: RHB Torii Hunter
|
0-0: Fly out, F9 (Flyball, 9LS, EV 97.5 MPH)
|
|
Batting: SHB Kevin Stocker
|
0-0: Called Strike 0-1: Foul Ball, location: 2F 0-2: Foul Ball, location: 2F 0-2: Foul Ball, location: 2F 0-2: Foul Ball, location: 2F 0-2: Ball 1-2: Ball 2-2: Ball 3-2: Base on Balls
|
|
Pitching: RHP William VanLandingham
|
|
|
Batting: LHB Scott Hatteberg
|
0-0: Called Strike 0-1: Ground out 4-3 (Groundball, 4, EV 91.3 MPH)
|
| Top of the 6th over - 2 runs, 1 hit, 0 errors, 1 left on base; Los Angeles 3 - Oakland 1 |
| BOTTOM OF THE 6TH |
|
Oakland Athletics batting - Pitching for Los Angeles Dodgers : RHP Ugueth Urbina
|
|
Pitching: RHP Rudy Seanez
|
|
|
Batting: RHB Rickey Henderson
|
0-0: Called Strike 0-1: Ball 1-1: Swinging Strike 1-2: Ball 2-2: Ball 3-2: Foul Ball, location: 2F 3-2: Base on Balls
|
|
Batting: SHB Geronimo Pena
|
0-0: Ball 1-0: Ball 2-0: Called Strike 2-1: Foul Ball, location: 2F 2-2: Fly out, F8 (Flyball, 89D, EV 98.8 MPH)
|
|
Batting: LHB John Olerud
|
0-0: Foul Ball, location: 2F 0-1: Ball 1-1: Ball 2-1: Ball 3-1: Base on Balls Rickey Henderson to second
|
|
Batting: RHB Herbert Perry
|
0-0: Ball 1-0: Foul Ball, location: 2F 1-1: Fly out, F8 (Flyball, 78D, EV 92.5 MPH)
|
|
Batting: RHB Jay Buhner
|
0-0: Fly out, F9 (Flyball, 9LS, EV 96.9 MPH)
|
| Bottom of the 6th over - 0 runs, 0 hits, 0 errors, 2 left on base; Los Angeles 3 - Oakland 1 |
| TOP OF THE 7TH |
|
Los Angeles Dodgers batting - Pitching for Oakland Athletics : RHP William VanLandingham
|
|
Batting: RHB Joe Randa
|
0-0: Fly out, F8 (Flyball, 78D, EV 100.6 MPH)
|
|
Batting: RHB Homer Bush
|
0-0: Ball 1-0: Called Strike 1-1: SINGLE (Line Drive, 34D, EV 98.1 MPH)
|
|
Batting: RHB Brian L Hunter
|
0-0: Fly out, F7 (Flyball, 78M, EV 85.0 MPH)
|
|
Batting: LHB Ryan Klesko
|
0-0: Ball 1-0: Called Strike 1-1: Swinging Strike 1-2: Strikes out looking
|
| Top of the 7th over - 0 runs, 1 hit, 0 errors, 1 left on base; Los Angeles 3 - Oakland 1 |
| BOTTOM OF THE 7TH |
|
Oakland Athletics batting - Pitching for Los Angeles Dodgers : RHP Rudy Seanez
|
|
Batting: RHB Benito Santiago
|
0-0: Foul Ball, location: 2F 0-1: Called Strike 0-2: Ball 1-2: Foul Ball, location: 2F 1-2: Strikes out swinging
|
|
Batting: SHB Devon White
|
0-0: Swinging Strike 0-1: Ball 1-1: Ball 2-1: Called Strike 2-2: Ball 3-2: Strikes out looking
|
|
Batting: SHB Chuck Carr
|
0-0: Called Strike 0-1: Ball 1-1: Swinging Strike 1-2: Ball 2-2: Foul Ball, location: 2F 2-2: Strikes out swinging
|
| Bottom of the 7th over - 0 runs, 0 hits, 0 errors, 0 left on base; Los Angeles 3 - Oakland 1 |
| TOP OF THE 8TH |
|
Los Angeles Dodgers batting - Pitching for Oakland Athletics : RHP William VanLandingham
|
|
Batting: LHB Rafael Palmeiro
|
0-0: Ball 1-0: Swinging Strike 1-1: SOLO HOME RUN (Flyball, 9LD, EV 99.4 MPH), Distance : 347 ft
|
|
Batting: LHB Derrick May
|
0-0: Ball 1-0: Ground out 1-3 (Groundball, 13, EV 80.0 MPH)
|
|
Batting: RHB Torii Hunter
|
0-0: Swinging Strike 0-1: Swinging Strike 0-2: Foul Ball, location: 2F 0-2: Ball 1-2: Foul Ball, location: 2F 1-2: Fly out, F6 (Popup, 6MS, EV 73.1 MPH)
|
|
Batting: SHB Kevin Stocker
|
0-0: Called Strike 0-1: Foul Ball, location: 2F 0-2: Ball 1-2: SINGLE (Groundball, 4MD, EV 93.8 MPH)
|
|
Batting: LHB Scott Hatteberg
|
0-0: 2-RUN HOME RUN (Flyball, 9LD, EV 100.6 MPH), Distance : 358 ft
|
|
Batting: RHB Joe Randa
|
0-0: Fly out, F4 (Popup, 3S, EV 87.5 MPH)
|
| Top of the 8th over - 3 runs, 3 hits, 0 errors, 0 left on base; Los Angeles 6 - Oakland 1 |
| BOTTOM OF THE 8TH |
|
Oakland Athletics batting - Pitching for Los Angeles Dodgers : RHP Rudy Seanez
|
|
Pitching: LHP Bill Pulsipher
|
|
|
Batting: RHB Benji Gil
|
0-0: Swinging Strike 0-1: Ball 1-1: Called Strike 1-2: Strikes out swinging
|
|
Batting: RHB Rickey Henderson
|
0-0: Foul Ball, location: 2F 0-1: Foul Ball, location: 2F 0-2: Foul Ball, location: 2F 0-2: Fly out, F9 (Flyball, 9LM, EV 99.4 MPH)
|
|
Batting: SHB Geronimo Pena
|
0-0: Called Strike 0-1: Foul Ball, location: 2F 0-2: Ball 1-2: Ball 2-2: Ground out 6-3 (Groundball, 6, EV 92.5 MPH)
|
| Bottom of the 8th over - 0 runs, 0 hits, 0 errors, 0 left on base; Los Angeles 6 - Oakland 1 |
| TOP OF THE 9TH |
|
Los Angeles Dodgers batting - Pitching for Oakland Athletics : RHP William VanLandingham
|
|
Batting: RHB Homer Bush
|
0-0: Swinging Strike 0-1: Foul Ball, location: 2F 0-2: Fly out, F3 (Flyball, 3D, EV 76.9 MPH)
|
|
Batting: RHB Brian L Hunter
|
0-0: Swinging Strike 0-1: Ball 1-1: Foul Ball, location: 2F 1-2: Foul Ball, location: 2F 1-2: Ball 2-2: Foul Ball, location: 2F 2-2: Strikes out swinging
|
|
Batting: LHB Ryan Klesko
|
0-0: Ball 1-0: Ball 2-0: Fly out, F9 (Flyball, 89D, EV 103.1 MPH)
|
| Top of the 9th over - 0 runs, 0 hits, 0 errors, 0 left on base; Los Angeles 6 - Oakland 1 |
| BOTTOM OF THE 9TH |
|
Oakland Athletics batting - Pitching for Los Angeles Dodgers : LHP Bill Pulsipher
|
|
Batting: LHB John Olerud
|
0-0: Ball 1-0: Ball 2-0: Ball 3-0: Called Strike 3-1: Called Strike 3-2: Strikes out looking
|
|
Batting: RHB Herbert Perry
|
0-0: Ball 1-0: Swinging Strike 1-1: Foul Ball, location: 2F 1-2: Foul Ball, location: 2F 1-2: Foul Ball, location: 2F 1-2: Strikes out swinging
|
|
Batting: RHB Jay Buhner
|
0-0: Ball 1-0: Foul Ball, location: 2F 1-1: SOLO HOME RUN (Line Drive, 7LD, EV 99.4 MPH), Distance : 348 ft
|
|
Batting: RHB Benito Santiago
|
0-0: Fly out, F8 (Flyball, 8RD, EV 78.8 MPH)
|
| Bottom of the 9th over - 1 run, 1 hit, 0 errors, 0 left on base; Los Angeles 6 - Oakland 2 |
|